 Dungeon Crawl Stone Soup version 0.32-a0-543-gefe97123c3 (webtiles) character file.

Game seed: 9996184545379672717

361 GordonOverkill the Sneak (level 6, 0/37 HPs)
             Began as a Deep Elf Delver on Feb 29, 2024.
             Slain by a black bear (3 damage)
             ... on level 5 of the Dungeon.
             The game lasted 00:06:49 (4003 turns).

GordonOverkill the Sneak (Deep Elf Delver)          Turns: 4003, Time: 00:06:50

Health: 0/37       AC:  6    Str: 15    XL:     6   Next: 38%
Magic:  0/4        EV: 12    Int: 21    God:
Gold:   239        SH:  0    Dex: 16    Spells: 10/11 levels left

rFire   . . .        h - +7 flail of Honour {antimagic, Str+6 Int+4}
rCold   . . .        (no shield)
rNeg    . . .        p - +0 leather armour {rPois}
rPois   +            (no helmet)
rElec   .            (no cloak)
rCorr   .            t - +2 pair of gloves
SInv    .            (no boots)
Will    .....        (no amulet)
Stlth   +++          (no ring)
HPRegen 0.26/turn    (no ring)
MPRegen 0.09/turn

%: no passive effects
@: no status effects
A: no striking features
a: no special abilities


You were on level 5 of the Dungeon.
You visited 1 branch of the dungeon, and saw 6 of its levels.

You collected 239 gold pieces.

Inventory:

Hand Weapons
 a - a +0 spear
 h - the +7 flail of Honour (weapon) {antimagic, Str+6 Int+4}
   (You found it on level 5 of the Dungeon)

   Str+6:     It affects your strength (+6).
   Int+4:     It affects your intelligence (+4).
Missiles
 s - 6 poisoned darts (quivered)
Armour
 p - a +0 leather armour of poison resistance (worn)
 r - a +0 robe
 t - a +2 pair of gloves (worn)
Wands
 g - a wand of digging (3)
Scrolls
 b - a scroll of torment
 c - a scroll of fog
 d - 3 scrolls of revelation
 e - a scroll of fear
 k - a scroll of enchant armour {unknown}
 n - a scroll of vulnerability {unknown}
 o - a scroll of amnesia {unknown}
 q - 2 scrolls of poison {unknown}
 v - a scroll of teleportation {unknown}
Potions
 f - 2 potions of haste
 i - 2 potions of curing
 j - a potion of cancellation
 l - 2 potions of mutation
 u - a potion of brilliance {unknown}


   Skills:
 - Level 3.0 Fighting
 - Level 1.3 Polearms
 - Level 2.4 Dodging
 - Level 6.0 Stealth
 - Level 3.0 Spellcasting
 - Level 5.0 Fire Magic
 + Level 3.2 Air Magic


You had 10 spell levels left.
You knew the following spells:

 Your Spells              Type           Power      Damage    Failure   Level
a - Foxfire               Conj/Fire      52%        2x1d6     6%          1

Your spell library contained the following spells:

 Spells                   Type           Power      Damage    Failure   Level
 Necrotise                Necr           12%        1d4       16%         1
 Volatile Blastmotes      Fire/Tloc      26%        2d12      17%         3
 Vampiric Draining        Necr           3%         2d6       43%         3
 Fulminant Prism          Conj/Alch      1%         3d5       85%         4
 Iskenderun's Mystic Bla  Conj/Tloc      3%         2d3       85%         4
 Martyr's Knell           Necr/Summ      3%         N/A       85%         4
 Curse of Agony           Necr           3%         N/A       99%         5
 Plasma Beam              Fire/Air       10%        2x1d21    99%         6
 Starburst                Conj/Fire      6%         6d4       100%        6


Dungeon Overview and Level Annotations

Branches:
Dungeon (6/15)
 Temple: D:4-7

Altars:
Ashenzari
Gozag
Hepliaklqana
Nemelex Xobeh
Trog
Yredelemnul


Message History

The black bear claws you.
* * * LOW HITPOINT WARNING * * *
The black bear completely misses you.
You thump the black bear!
The black bear is almost dead.
The black bear bites you.
* * * LOW HITPOINT WARNING * * *
The black bear claws you.
* * * LOW HITPOINT WARNING * * *
The black bear barely misses you.
The black bear bites you but does no damage.
The black bear claws you.
* * * LOW HITPOINT WARNING * * *
The black bear closely misses you. The black bear completely misses you.
The black bear misses you. The black bear claws you.
* * * LOW HITPOINT WARNING * * *
The black bear completely misses you. The black bear barely misses you.
The black bear claws you.
* * * LOW HITPOINT WARNING * * *
Okay, then.
Blink to where?
Press: ? - help, Dir - move target, p - black bear
As you read the scroll of blinking, it crumbles to dust.
Casting: Foxfire (safe; 6% risk of failure)
Confirm with . or Enter, or press ? or * to list all spells.
You conjure some foxfire!
The black bear rages. x2
Your foxfire dissipates!
The foxfire hits the black bear but does no damage.
The black bear is almost dead.
The black bear rages.
You hit the black bear.
The black bear is almost dead.
The black bear bites you.
* * * LOW HITPOINT WARNING * * *
The black bear claws you.
* * * LOW HITPOINT WARNING * * *
The black bear claws you.
You die...

# # # # # ######## #
#######......# #
##............# #
#.@#.....P.P..# ###
##########h##..........# .>#
#..........##..........#
#K####........####..........#
#h#......(....# #...._.....#
# #.#####.##### #.......P..#
#B# #...# #.....P....# #.#
#.....# #..........##
#.#...P.P.# ....P......#


You could see a black bear (berserk).

Vanquished Creatures
  A kobold brigand (D:4)
  A scorpion (D:4)
  A howler monkey (D:4)
  An orc priest (D:4)
  A hound (D:4)
  A bombardier beetle (D:4)
  3 adders
  2 ufetubi (D:4)
  A dart slug (D:3)
  A ribbon worm (D:3)
  7 orcs
  4 bats
  An endoplasm (D:2)
  5 giant cockroaches
  4 hobgoblins (D:1)
  3 jackals (D:1)
  5 ball pythons
  2 frilled lizards
  7 goblins
  5 kobolds
  8 rats
64 creatures vanquished.

Vanquished Creatures (others)
  11 foxfires (D:5)
11 creatures vanquished.

Grand Total: 75 creatures vanquished

Notes
Turn   | Place    | Note
-------+----------+-------------------------------------------
     0 | D:5      | GordonOverkill the Deep Elf Delver began the quest for the
                  | Orb.
     0 | D:5      | Reached XP level 1. HP: 13/13 MP: 3/3
     5 | D:5      | Identified the +7 flail of Honour {antimagic, Str+6 Int+4}
    45 | D:6      | Reached XP level 2. HP: 19/19 MP: 1/4
    58 | D:6      | Noticed an ogre
    80 | D:6      | Found a basalt altar of Yredelemnul.
   139 | D:5      | Noticed a bombardier beetle
   139 | D:5      | Noticed a howler monkey
   157 | D:5      | Noticed a bombardier beetle
   164 | D:5      | Found a bloodstained altar of Trog.
   164 | D:5      | Noticed a black bear
   170 | D:5      | Noticed a bombardier beetle
   221 | D:4      | Noticed a bombardier beetle
   246 | D:4      | Noticed a scorpion
   300 | D:1      | Reached skill level 1 in Spellcasting
   720 | D:1      | Reached XP level 3. HP: 23/23 MP: 2/8
  1424 | D:2      | Reached skill level 1 in Fire Magic
  1628 | D:2      | Learned a level 1 spell: Foxfire
  2021 | D:3      | Reached XP level 4. HP: 28/28 MP: 3/10
  2229 | D:3      | Found a faded altar of an unknown god.
  2238 | D:3      | Found a sparkling altar of Nemelex Xobeh.
  2419 | D:4      | Killed a scorpion
  2420 | D:4      | Reached XP level 5. HP: 29/32 MP: 3/11
  2491 | D:4      | Found an opulent altar of Gozag.
  2906 | D:4      | Found a hazy altar of Hepliaklqana.
  3082 | D:5      | Noticed a black bear
  3488 | D:4      | Reached XP level 6. HP: 29/37 MP: 4/12
  3774 | D:4      | Reached skill level 5 in Fire Magic
  3951 | D:5      | Found a broken altar of Ashenzari.
  4003 | D:5      | Slain by a black bear

Illustrated notes

Levels and vault maps discovered:
D:1:      tekkud_arrival_beachfront_property, layout_loops_ring,
          minmay_indecisive_spiral
D:2:      layout_basic
D:3:      layout_loops_cross, nicolae_overflow_ecumenical_swirl
D:4:      layout_basic, lemuel_coloured_pillars_altar,
          nicolae_gozag_cash_rules_everything_around_me,
          minmay_misc_feat_pillars
D:5:      layout_basic, mainiacjoe_overflow_cross_hatched,
          mainiacjoe_overflow_small_starburst, trog_ov_bears_minmay
D:6:      layout_cave_pods, yredelemnul_altar_generic, serial_bayou_pond_e,
          hangedman_minor_gate_pass

Skill      XL: |  1  2  3  4  5  6 |
---------------+-------------------+-----
Fighting       | 3 |  3.0
Spellcasting   | 2 3 |  3.0
Fire Magic     | 2 3 4 5 |  5.0
Air Magic      | 2 3 |  3.2
Polearms       | |  1.3
Dodging        | |  2.4
Stealth        | |  6.0

Action                     |  1- 3 |  4- 6 || total
---------------------------+-------+-------++-------
  Melee: Flail             |    59 |    70 ||   129
  Throw: Dart              |       |     1 ||     1
   Cast: Foxfire           |       |     7 ||     7
    Use: Scroll            |       |     6 ||     6
   Stab: Sleeping          |     7 |     6 ||    13
         Distracted        |     1 |       ||     1
 Armour: Leather armour    |    31 |    61 ||    92
  Dodge: Dodged            |    25 |    72 ||    97

Table legend: (Time is in decaauts)
 A = Elapsed time spent in this place.
 B = Non-inter-level travel time spent in this place.
 C = Inter-level travel time spent in this place.
 D = Time resting spent in this place.
 E = Time spent auto-exploring this place.
 F = Levels seen in this place.
 G = Mean time per level.
                   A        B        C        D        E       F      G
               +--------+--------+--------+--------+--------+-----+--------+
         Total |   4062 |   3634 |    428 |    644 |   2181 |   6 |  677.0 |
       Dungeon |   4062 |   3634 |    428 |    644 |   2181 |   6 |  677.0 |
               +--------+--------+--------+--------+--------+-----+--------+

Top non-repeatable levels by time:
     D:4: 1568 daAuts
     D:1: 735 daAuts
     D:3: 731 daAuts
     D:2: 708 daAuts
     D:5: 241 daAuts
     D:6: 77 daAuts
